 Dungeon Crawl Stone Soup version 0.30-a0-862-g1aabd4f9c5 (webtiles) character file.

Game seed: 12499775989732079105

67 oldriver the Trooper (level 4, 0/29 HPs)
             Began as a Gargoyle Chaos Knight on Mar 8, 2023.
             Was a Plaything of Xom.
             Killed by divine providence
             ... invoked by an orc priest
              (10 damage)
             ... on level 2 of the Dungeon.
             The game lasted 00:01:46 (1543 turns).

oldriver the Trooper (Gargoyle Chaos Knight)        Turns: 1543, Time: 00:01:47

Health: 0/29       AC: 12    Str: 18    XL:     4   Next: 16%
Magic:  4/4        EV: 11    Int: 12    God:    Xom [......]
Gold:   52         SH:  0    Dex:  9    Spells: 3/3 levels left

rFire   . . .      SeeInvis +    a - +0 hand axe (chaos)
rCold   . . .      Faith    .    (no shield)
rNeg    + . .      Spirit   .    b - +2 leather armour
rPois   ∞          Reflect  .    (helmet restricted)
rElec   +          Rampage  .    (no cloak)
rCorr   .                        f - +0 pair of gloves
Will    .....                    (no boots)
Stlth   +                        (no amulet)
HPRegen 0.24/turn                (no ring)
MPRegen 0.09/turn                (no ring)

@: no status effects
A: sickness immunity, AC +3, negative energy resistance 1, electricity
resistance, torment resistance 1, petrification resistance, horns 1, iridescent
scales 1, see invisible
a: Renounce Religion


You were on level 2 of the Dungeon.
You worshipped Xom.
You were a very special plaything of Xom.
You visited 1 branch of the dungeon, and saw 2 of its levels.

You collected 52 gold pieces.

Inventory:

Hand Weapons
 a - a +0 hand axe of chaos (weapon)
Armour
 b - a +2 leather armour (worn)
 f - a +0 pair of gloves (worn)
Scrolls
 d - 2 scrolls of identify
 g - a scroll of poison {unknown}
Potions
 e - a potion of curing
 i - a potion of magic {unknown}
Miscellaneous
 c - a piece from Xom's chessboard (13/15) (quivered)


   Skills:
 + Level 4.1 Fighting
 * Level 3.9 Axes
 - Level 2.2 Armour
 - Level 0.8 Dodging


You had 3 spell levels left.
You didn't know any spells.
Your spell library was empty.

Dungeon Overview and Level Annotations

Branches:
Dungeon (2/15)

Altars:


Innate Abilities, Weirdness & Mutations

You are immune to sickness and miasma.
Your stone body is resilient. (AC +3)
You are immune to poison.
You resist negative energy. (rN+)
You are resistant to electric shocks. (rElec)
You are resistant to unholy torment.
You are immune to petrification.
You have a pair of small horns on your head.
You are partially covered in iridescent scales. (AC +2)
You have supernaturally acute eyesight. (SInv)


Message History

You closely miss the goblin. The goblin hits you but does no damage.
The orc closely misses you.
You hit the orc. Lightning courses through the orc!!
You kill the orc!
You barely miss the goblin. The goblin hits you but does no damage.
You make a move on Xom's chessboard...
The goblin twists and deforms.
The goblin hits you but does no damage.
The orc priest mumbles some strange prayers to Beogh against you.
Beogh smites you!
A shower of butterflies erupts from you!
You emit a cloud of colourful smoke!
The orc barely misses you.
You slash the orc! You freeze the orc.
You kill the orc!
You hit the goblin but do no damage. The goblin hits you but does no damage.
You hit the orc priest but do no damage.
The orc priest seems to grow stronger.
Xom is highly amused!
You closely miss the goblin. The orc priest barely misses you.
The orc wizard hits your butterfly with a +0 dagger.
Your butterfly dies!
Your butterfly disappears in a puff of smoke!
The goblin hits you but does no damage.
You hit the orc priest but do no damage.
Your headbutt misses the orc priest. You closely miss the goblin.
The orc priest hits you with a +0 short sword.
The orc wizard mumbles some strange words.
The orc wizard flickers and vanishes for a moment.
The goblin hits you with a +0 club.
You make a move on Xom's chessboard...
The orc priest is moving more slowly.
The orc priest barely misses you. The goblin closely misses you.
You swap places.
The orc priest misses your butterfly.
The goblin completely misses your butterfly.
The orc priest hits your butterfly with a +0 short sword.
Your butterfly dies!
Your butterfly disappears in a puff of smoke!
The orc priest mumbles some strange prayers to Beogh against you.
Beogh smites you!
You die...
Xom guffaws!

****,,***,,** #†..# **,,
,,,,,,,,,,,,**#####...##### **,,,
,,,*,**,,,,,,,............###,,,,
,,,,,*,,******#...............,,,
,,,***,***,⌠,*##..........####*,,
,,,***,**,,,,,*#.#......### ***,
*,,,,,,*,,,,,,,#.#....#.# *,,,
******,*,.,,,,,#.#....#.# *,** **
*,*,..,,,,#@#....#.# *,** ,*
*,*,..o,,,#☼#......# *,** ,*
*,*,...o,,#g###.#### *,** ,*
*,*,.....,#§###..##### *,**
******,*,......#oo.b......# *,,,
,,,,,,,,,......ob.#...###.# ****
,********....#.##.#...#**,*****
,* *.#*,#>*#.......,,,,,,* ,*
*,,,*$,*###..####,*,*,*


You could see an orc priest (strong, petrifying, ally target), an orc wizard
(invisible), an orc and a goblin (misshapen).

Vanquished Creatures
  2 adders
  2 dart slugs (D:1)
  3 orcs (D:2)
  4 ball pythons (D:1)
  4 endoplasms (D:1)
  A giant cockroach (D:1)
  2 goblins (D:1)
  4 hobgoblins
  7 kobolds (D:1)
  2 quokkas
  4 bats (D:1)
  3 rats
38 creatures vanquished.

Vanquished Creatures (others)
  A ball python (D:1)
  A bat zombie (D:1)
  A hobgoblin (D:1)
3 creatures vanquished.

Grand Total: 41 creatures vanquished

Notes
Turn   | Place    | Note
-------+----------+-------------------------------------------
     0 | D:1      | oldriver the Gargoyle Chaos Knight began the quest for the
                  | Orb.
     0 | D:1      | Reached XP level 1. HP: 14/14 MP: 1/1
    58 | D:1      | XOM: silly message
   304 | D:1      | XOM: 1-stop teleportation journey
   316 | D:1      | Reached XP level 2. HP: 19/19 MP: 2/2
   416 | D:1      | XOM: butterfly on damage
   470 | D:1      | XOM: destruction
   603 | D:1      | XOM: scenery: summon butterflies
   734 | D:1      | Reached XP level 3. HP: 21/24 MP: 3/3
  1134 | D:1      | XOM: give mutations
  1134 | D:1      | Gained mutation: You are partially covered in iridescent
                  | scales. (AC +2) [Xom's grace]
  1134 | D:1      | Gained mutation: You have a pair of small horns on your
                  | head. [Xom's grace]
  1134 | D:1      | Gained mutation: You have supernaturally acute eyesight.
                  | (SInv) [Xom's grace]
  1461 | D:2      | XOM: god gift: robe {god gift}
  1503 | D:2      | Reached skill level 4 in Fighting
  1503 | D:2      | Reached XP level 4. HP: 28/29 MP: 4/4
  1536 | D:2      | XOM: butterfly on damage
  1536 | D:2      | XOM: smoke on damage
  1543 | D:2      | Killed from afar by an orc priest

Illustrated notes

Levels and vault maps discovered:
D:1:      evilmike_arrival_rings, layout_basic, kennysheep_small_spiral
D:2:      cheibrodos_pilgrimage, layout_loops_cross, grunt_ministairs_5

Skill      XL: |  1  2  3 |
---------------+----------+-----
Axes           | 3 |  3.9
Fighting       | 4 |  4.1
Armour         | |  2.2
Dodging        | |  0.8

Action                     |  1- 3 |  4- 6 || total
---------------------------+-------+-------++-------
  Melee: Hand axe          |   108 |    11 ||   119
         Headbutt          |     3 |       ||     3
         Punch             |     1 |       ||     1
  Evoke: Piece from Xom's  |       |     2 ||     2
    Use: Scroll            |     4 |       ||     4
 Armour: Leather armour    |    59 |     8 ||    67
  Dodge: Dodged            |    64 |    11 ||    75

Table legend: (Time is in decaauts)
 A = Elapsed time spent in this place.
 B = Non-inter-level travel time spent in this place.
 C = Inter-level travel time spent in this place.
 D = Time resting spent in this place.
 E = Time spent auto-exploring this place.
 F = Levels seen in this place.
 G = Mean time per level.
                   A        B        C        D        E       F      G
               +--------+--------+--------+--------+--------+-----+--------+
         Total |   1559 |   1494 |     65 |      0 |   1201 |   2 |  779.5 |
       Dungeon |   1559 |   1494 |     65 |      0 |   1201 |   2 |  779.5 |
               +--------+--------+--------+--------+--------+-----+--------+

Top non-repeatable levels by time:
     D:1: 1403 daAuts
     D:2: 155 daAuts
